 Dungeon Crawl Stone Soup version 0.28-a0-998-gb9e9c7b67e (webtiles) character file.

Game seed: 2996486147393352915

69 siradein the Skirmisher (level 4, -10/40 HPs)
             Began as a Hill Orc Fighter on Dec 6, 2021.
             Mangled by Sigmund (17 damage)
             ... on level 3 of the Dungeon.
             The game lasted 00:03:12 (2573 turns).

siradein the Skirmisher (Hill Orc Fighter)          Turns: 2573, Time: 00:03:13

Health: -10/40     AC:  7    Str: 20    XL:     4   Next: 20%
Magic:  4/4        EV:  9    Int:  8    God:
Gold:   76         SH:  4    Dex: 10    Spells: 3/3 levels left

rFire   . . .      SeeInvis .   a - +0 war axe
rCold   . . .      Faith    .   c - +0 buckler
rNeg    . . .      Spirit   .   b - +0 scale mail
rPois   .          Reflect  .   (no helmet)
rElec   .          Harm     .   (no cloak)
rCorr   .          Rampage  .   (no gloves)
Will    .....                   (no boots)
Stlth   ..........              (no amulet)
HPRegen 0.13/turn               (no ring)
MPRegen 0.09/turn               (no ring)

@: no status effects
A: no striking features
a: no special abilities


You were on level 3 of the Dungeon.
You visited 1 branch of the dungeon, and saw 3 of its levels.

You collected 76 gold pieces.

Inventory:

Hand Weapons
 a - a +0 war axe (weapon)
Armour
 b - a +0 scale mail (worn)
 c - a +0 buckler (worn)
Scrolls
 f - a scroll of immolation {unknown}
 g - a scroll of magic mapping {unknown}
 i - a scroll of identify {unknown}
Potions
 d - 2 potions of might
 e - a potion of brilliance {unknown}
 h - a potion of berserk rage {unknown}


   Skills:
 + Level 4.2 Fighting
 + Level 3.7 Axes
 + Level 3.8 Armour
 + Level 4.0 Shields


You had 3 spell levels left.
You didn't know any spells.
Your spell library contained the following spells:

 Spells                   Type           Power      Damage    Failure   Level
 Magic Dart               Conj           0%         1d3       77%         1
 Searing Ray              Conj           0%         2d4       88%         2
 Tukima's Dance           Hex            0%         N/A       98%         3
 Fulminant Prism          Conj/Hex       0%         3d6       100%        4
 Passage of Golubria      Tloc           0%         N/A       100%        4
 Yara's Violent Unravell  Hex/Tmut       0%         3d3       100%        5


Dungeon Overview and Level Annotations

Branches:
Dungeon (3/15)

Altars:

Shops:
D:2 [

Annotations:
D:3 Sigmund


Message History

The quokka bites you but does no damage.
The quokka bites you.
You closely miss the quokka. You block the quokka's attack.
You slash the quokka!
You kill the quokka!
Something hits you but does no damage. You block the kobold's attack. x2
Your scale mail prevents you from hitting the kobold.
You hit the kobold. You slash something! The kobold hits you with a +0 whip.
You hear some strange, mumbled words.
A magic dart appears from out of thin air!
The magic dart hits you. You block the kobold's attack.
Something hits you but does no damage. The kobold hits you with a +0 dagger.
You closely miss the kobold.
The kobold is heavily wounded.
You hit the kobold but do no damage. You block the kobold's attack.
The kobold hits you but does no damage. Something hits you but does no damage.
The kobold hits you but does no damage.
You slash the kobold!
You kill the kobold!
You closely miss the kobold. You block the kobold's attack.
The white imp gestures at you. The puff of frost hits you! Something hits you.
The kobold barely misses you. You block the white imp's attack.
The kobold hits you but does no damage.
Things that are here:
a +0 whip; a kobold corpse Something hits you but does no damage.
The kobold hits you with a +0 dagger.
* * * LOW HITPOINT WARNING * * *
You completely miss the kobold.
The kobold is heavily wounded.
You barely miss the white imp.
The white imp hits you but does no damage.
The kobold hits you but does no damage. The white imp gestures at you.
The puff of frost hits you.
* * * LOW HITPOINT WARNING * * *
The kobold hits you but does no damage. The white imp gestures at you.
The puff of frost hits you but does no damage.
Something hits you!
You die...

### #.# #.# # #..
#.#.# #####.#.##
.........# #..# .
#@K# ..
#5####.##...
#...........
######..###.#....
...........K......
.##.##..>.........
#....#........
#....#.#.#....
#......#...# ...


You could see a white imp and a kobold.

Vanquished Creatures
  3 adders (D:2)
  A dart slug (D:1)
  2 worms (D:2)
  An endoplasm (D:1)
  A giant cockroach (D:1)
  4 hobgoblins
  6 kobolds
  4 quokkas
  2 ball pythons
  2 bats
  2 frilled lizards
  7 goblins
  3 rats (D:1)
38 creatures vanquished.

Notes
Turn   | Place    | Note
-------+----------+-------------------------------------------
     0 | D:1      | siradein the Hill Orc Fighter began the quest for the Orb.
     0 | D:1      | Reached XP level 1. HP: 19/19 MP: 1/1
   189 | D:1      | Reached XP level 2. HP: 27/27 MP: 2/2
   343 | D:1      | Found a faded altar of an unknown god.
  1326 | D:2      | Reached XP level 3. HP: 12/33 MP: 3/3
  2217 | D:2      | Reached XP level 4. HP: 40/40 MP: 4/4
  2287 | D:2      | Found Fusad's Antique Armour Shop.
  2553 | D:3      | Noticed Sigmund
  2573 | D:3      | Mangled by Sigmund

Illustrated notes

Levels and vault maps discovered:
D:1:      lightli_arrival_maybe_door_vault, layout_loops_cross,
          ebering_ecumenical_altar_hall, serial_co_window_serial,
          co_window_corner_a, co_window_paths_a, co_window_paths_a,
          co_window_corner_a, co_window_cross_1, co_window_cross_2,
          co_window_broadway_b, co_window_paths_c, co_window_paths_c,
          co_window_sun, glass_columns_a, glass_columns_a, glass_columns_c
D:2:      layout_basic, serial_shops, nicolae_square_shop
D:3:      layout_basic, overflow_temple_1_default,
          beargit_hepliaklqana_dungeon_heroes, portal_sewer_entry_d, uniq_robin,
          uniq_sigmund

Skill      XL: |  1  2  3 |
---------------+----------+-----
Axes           | 3 |  3.7
Fighting       | 4 |  4.2
Shields        | 4 |  4.0
Armour         | |  3.8

Action                   |  1- 3 |  4- 6 || total
-------------------------+-------+-------++-------
Melee: War axe           |   109 |    10 ||   119
Armor: Scale mail        |    42 |    14 ||    56
Dodge: Dodged            |    59 |     3 ||    62
Block: Buckler           |    18 |     7 ||    25

Table legend: (Time is in decaauts)
 A = Elapsed time spent in this place.
 B = Non-inter-level travel time spent in this place.
 C = Inter-level travel time spent in this place.
 D = Time resting spent in this place.
 E = Time spent auto-exploring this place.
 F = Levels seen in this place.
 G = Mean time per level.
                   A        B        C        D        E       F      G
               +--------+--------+--------+--------+--------+-----+--------+
         Total |   2614 |   2529 |     85 |      0 |   2222 |   3 |  871.3 |
       Dungeon |   2614 |   2529 |     85 |      0 |   2222 |   3 |  871.3 |
               +--------+--------+--------+--------+--------+-----+--------+

Top non-repeatable levels by time:
     D:1: 1329 daAuts
     D:2: 1255 daAuts
     D:3: 28 daAuts
